 Dungeon Crawl Stone Soup version 0.27-a0-1219-g958d993ae5 (webtiles) character file.

Game seed: 310536991402432440

29 deletemesenpai the Skirmisher (level 3, -4/36 HPs)
             Began as a Troll Fighter on June 6, 2021.
             Slain by Robin
             ... wielding a +0 spear
              (7 damage)
             ... on level 2 of the Dungeon.
             The game lasted 00:02:23 (83 turns).

deletemesenpai the Skirmisher (Troll Fighter)         Turns: 83, Time: 00:02:23

Health: -4/36      AC:  4    Str: 25    XL:     3   Next: 1%
Magic:  2/2        EV:  8    Int:  4    God:
Gold:   23         SH:  8    Dex:  9    Spells: 2/2 levels left

rFire    . . .     SeeInvis .   a - +0 war axe
rCold    . . .     Faith    .   c - +0 kite shield
rNeg     . . .     Spirit   .   b - +0 robe
rPois    .         Reflect  .   (helmet restricted)
rElec    .         Harm     .   (no cloak)
rCorr    .         Rampage  .   (gloves unavailable)
Will     .....                  (boots unavailable)
Stlth    +.........             (no amulet)
HPRegen  1.12/turn              (no ring)
MPRegen  0.08/turn              (no ring)

@: no status effects
A: large, unfitting armour, claws 3, regeneration 1, shaggy fur 1, tough skin 1
a: no special abilities


You were on level 2 of the Dungeon.
You visited 1 branch of the dungeon, and saw 2 of its levels.

You collected 23 gold pieces.

Inventory:

Hand Weapons
 a - a +0 war axe (weapon)
Missiles
 e - 14 bolts
Armour
 b - a +0 robe (worn)
 c - a +0 kite shield (worn)


   Skills:
 + Level 2.7 Fighting
 + Level 1.9 Axes
 + Level 2.7 Dodging
 + Level 2.7 Shields


You had 2 spell levels left.
You didn't know any spells.
Your spell library was empty.

Dungeon Overview and Level Annotations

Branches:
Dungeon (1/15)

Altars:

Annotations:
D:2 Robin


Innate Abilities, Weirdness & Mutations

You are too large for most types of armour.
You have claws for hands.
Your natural rate of healing is unusually fast.
You are covered in fur. (AC +1)
You have tough skin. (AC +1)


Message History

You hit the goblin.
You kill the goblin!
Robin hits you from afar with a +0 spear.
Robin barely misses you.
Things that are here:
a +0 club; a +0 club; a goblin corpse Robin hits you with a +0 spear.
The hobgoblin completely misses you.
You barely miss the hobgoblin. You hit Robin but do no damage.
Robin barely misses you. The hobgoblin hits you. x2
* * * LOW HITPOINT WARNING * * *
Robin says, "Feeling lonely?"
Robin barely misses you.
You hit the hobgoblin.
The hobgoblin is severely wounded.
You hit Robin. Robin barely misses you. You block the hobgoblin's attack.
You closely miss Robin.
Robin is moderately wounded.
You hit the hobgoblin.
You kill the hobgoblin!
Robin hits you with a +0 spear.
* * * LOW HITPOINT WARNING * * *
Robin hits you with a +0 spear.
* * * LOW HITPOINT WARNING * * *
You have reached level 3!
Your experience leads to an increase in your attributes!
Increase (S)trength, (I)ntelligence, or (D)exterity?
You feel stronger. x2
You hit Robin.
Robin is heavily wounded.
Robin misses you. Robin closely misses you.
You barely miss Robin.
Robin is heavily wounded.
Robin hits you with a +0 spear.
* * * LOW HITPOINT WARNING * * *
You completely miss Robin.
Robin is heavily wounded.
Robin hits you with a +0 spear.
* * * LOW HITPOINT WARNING * * *
Robin hits you with a +0 spear!
You die...

##...# #..#.#
##.##.#
###..#..#
##...#..##
##..##..##
#..#...##
###.##g#####..#
#...).)@†....#
######)##.##.#
#.# # ..# .###
#. #


You could see Robin.

Vanquished Creatures
  A gnoll (D:1)
  An endoplasm (D:1)
  A giant cockroach (D:2)
  6 goblins (D:2)
  4 hobgoblins
  A jackal (D:1)
  A kobold (D:1)
  A ball python (D:1)
16 creatures vanquished.

Notes
Turn   | Place    | Note
-------+----------+-------------------------------------------
     0 | D:1      | deletemesenpai the Troll Fighter began the quest for the
                  | Orb.
     0 | D:1      | Reached XP level 1. HP: 22/22 MP: 0/0
    36 | D:1      | Reached XP level 2. HP: 8/29 MP: 1/1
    45 | D:1      | You fall into a shaft and drop 1 floor!
    68 | D:2      | Noticed Robin
    81 | D:2      | Reached XP level 3. HP: 7/36 MP: 2/2
    83 | D:2      | Slain by Robin

Illustrated notes

Levels and vault maps discovered:
D:1:      dpeg_arrival_short_road, layout_basic,
          shapermc_ecumenical_altar_mp_urbaneastern, nrook_campfire,
          minmay_tromino_v7
D:2:      layout_rooms, serial_corexii_hall, chequers_hall_statues_y,
          corexii_hall_statues_t, corexii_hall_statues_s, uniq_robin

Action                   || total
-------------------------++-------
Melee: War axe           ||    34
  Use: Potion            ||     1
Armor: Robe              ||    16
Dodge: Dodged            ||    26
Block: Kite shield       ||    16

Table legend: (Time is in decaauts)
 A = Elapsed time spent in this place.
 B = Non-inter-level travel time spent in this place.
 C = Inter-level travel time spent in this place.
 D = Time resting spent in this place.
 E = Time spent auto-exploring this place.
 F = Levels seen in this place.
 G = Mean time per level.
                   A        B        C        D        E       F      G
               +--------+--------+--------+--------+--------+-----+--------+
         Total |    103 |    103 |      0 |      0 |      0 |   2 |   51.5 |
       Dungeon |    103 |    103 |      0 |      0 |      0 |   2 |   51.5 |
               +--------+--------+--------+--------+--------+-----+--------+

Top non-repeatable levels by time:
     D:1: 54 daAuts
     D:2: 48 daAuts
